Map: Ever Dream LE

Players

SortOf - Winner!

  • Race: Zerg Zerg
  • League: Grandmaster
  • Spawn Location: 1:00

ArT

  • Race: Protoss Protoss
  • Spawn Location: 7:00

Event: DreamHack SC2 Masters 2020 Summer Europe

VOD

Have the link to the VOD?

Description

Time

  • Played on: July 5, 2020, 1:30 p.m.
  • Length: 16:13

All games in this series

Show
View Real Time Build Order
Export as new Build Order

SortOf Zerg - Winner!

Build Orders: Hatch First, Lurkers, Swarm Host 

Get SALT Encoding   

  12  0:00  Drone  
  13  0:12  Overlord  
  13  0:17  Drone  
  14  0:31  Drone x2  
  14  0:35  Drone  
  17  0:52  Hatchery  
  17  0:55  Drone  
  17  0:58  Drone  
  17  1:02  Extractor  
  17  1:14  Spawning Pool  
  17  1:18  Drone  
  17  1:21  Drone  
  18  1:31  Drone  
  19  1:39  Overlord  
  19  1:50  Drone  
  20  2:01  Queen  
  20  2:03  Zergling x2  
  20  2:07  Queen  
  26  2:08  Zergling x2  
  26  2:10  Metabolic Boost  
  26  2:13  Drone  
  27  2:16  Drone  
  27  2:21  Drone  
  30  2:30  Drone  
  30  2:42  Hatchery  
  30  2:43  Overlord  
  29  2:47  Queen  
  29  2:49  Zergling x2  
  32  2:52  Drone  
  32  2:54  Drone  
  32  2:58  Drone  
  35  3:00  Drone  
  37  3:05  Drone  
  37  3:10  Drone x3  
  37  3:12  Drone  
  41  3:22  Queen  
  41  3:24  Overlord  
  41  3:26  Drone  
  44  3:29  Spore Crawler  
  44  3:30  Drone  
  44  3:36  Overlord  
  44  3:42  Queen  
  44  3:46  Zergling x4  
  48  3:49  Drone  
  48  3:52  Drone  
  50  3:55  Roach Warren  
  50  3:56  Drone  
  50  3:57  Drone x2  
  50  3:58  Drone  
  53  4:03  Spore Crawler  
  53  4:08  Zergling x8  
  56  4:12  Overlord  
  56  4:20  Overlord  
  56  4:21  Spine Crawler  
  56  4:22  Zergling x6  
  59  4:32  Spore Crawler  
  59  4:34  Overlord  
  59  4:35  Drone x5  
  59  4:37  Extractor  
  61  4:39  Drone x2  
  61  4:40  Drone  
  61  4:42  Drone  
  61  4:43  Drone  
  63  4:46  Drone  
  63  4:49  Drone x2  
  66  4:54  Drone x2  
  66  4:57  Drone x2  
  69  5:02  Drone x3  
  69  5:05  Extractor  
  69  5:06  Overlord  
  71  5:09  Extractor  
  69  5:15  Roach x4  
  69  5:20  Roach x2  
  75  5:23  Drone x3  
  75  5:27  Lair  
  78  5:29  Drone x2  
  78  5:31  Drone  
  78  5:32  Drone  
  82  5:36  Drone x2  
  82  5:38  Overlord  
  82  5:39  Extractor  
  82  5:41  Zergling x6  
  86  5:48  Drone  
  86  5:49  Drone x3  
  90  5:53  Evolution Chamber, Overlord  
  90  5:54  Overlord, Extractor  
  88  5:58  Ravager x2  
  88  6:01  Drone x3  
  88  6:02  Drone  
  94  6:05  Drone x4  
  94  6:06  Extractor  
  97  6:13  Overlord  
  97  6:15  Zergling x4  
  96  6:21  Zergling x2  
  91  6:29  Glial Reconstitution, Zerg Missile Weapons Level 1  
  91  6:31  Drone x3  
  91  6:32  Infestation Pit  
  93  6:35  Drone  
  93  6:36  Drone  
  93  6:39  Overlord  
  95  6:44  Drone  
  96  6:49  Overlord  
  96  6:51  Drone  
  96  6:59  Overlord  
  96  7:07  Overlord x2, Swarm Host  
  96  7:08  Swarm Host x4  
  108  7:09  Hatchery  
  110  7:16  Swarm Host x3  
  110  7:20  Overseer  
  110  7:22  Swarm Host x2  
  119  7:24  Overlord  
  125  7:31  Swarm Host x2  
  125  7:34  Roach x4  
  139  7:38  Overlord x2  
  139  7:41  Roach  
  140  7:47  Swarm Host  
  140  7:48  Swarm Host  
  140  7:50  Zergling x8  
  150  7:57  Zergling x8  
  153  8:01  Swarm Host x3  
  153  8:05  Roach x2  
  165  8:15  Roach x5  
  175  8:21  Ravager  
  175  8:22  Ravager  
  175  8:23  Zergling x10  
  182  8:28  Drone  
  183  8:41  Roach  
  183  8:43  Unknown  
  183  8:46  Roach x3  
  179  8:54  Roach x2  
  174  8:57  Roach x5  
  174  9:00  Roach  
  184  9:04  Zerg Missile Weapons Level 2, Overlord x7  
  184  9:21  Zergling x16  
  179  9:28  Roach x6  
  182  9:31  Queen  
  182  9:32  Swarm Host x2  
  182  9:37  Zergling x4  
  184  9:41  Zergling x4  
  184  9:43  Ravager x2  
  185  9:47  Swarm Host x2, Queen  
  193  9:55  Zergling x8  
  192  10:01  Zergling x2  
  192  10:02  Zergling x12  
  195  10:10  Overseer, Pneumatized Carapace  
  195  10:13  Zergling x8  
  194  10:23  Drone x2, Spine Crawler  
  194  10:24  Spore Crawler  
  194  10:26  Drone, Spore Crawler  
  194  10:29  Zergling x10  
  194  10:31  Spine Crawler  
  194  10:32  Spine Crawler  
  197  10:36  Overlord, Baneling Nest  
  197  10:38  Zergling x4  
  194  10:49  Swarm Host x3  
  191  10:56  Drone  
  194  11:01  Drone x7  
  199  11:07  Zergling x4  
  188  11:19  Zergling x22  
  188  11:21  Zergling x2  
  188  11:25  Roach  
  198  11:29  Spine Crawler  
  198  11:30  Spore Crawler  
  198  11:32  Overseer  
  188  11:33  Overseer, Zergling x12  
  186  11:41  Drone x4  
  186  11:44  Centrifical Hooks  
  186  11:45  Zerg Melee Weapons Level 1  
  190  12:13  Hive  
  190  12:15  Hydralisk Den  
  180  12:25  Zergling x26  
  180  12:26  Zergling x6  
  188  12:34  Zergling x2  
  186  12:37  Ravager x3  
  171  13:01  Muscular Augments  
  171  13:02  Hydralisk x11  
  171  13:03  Lurker Den  
  171  13:20  Hydralisk x5  
  177  13:31  Hydralisk x4  
  177  13:33  Ravager x7  
  187  13:38  Hatchery  
  179  13:51  Overlord  
  179  13:53  Drone  
  179  13:54  Drone  
  179  14:01  Lurker x8  
  186  14:03  Zergling x2  
  186  14:04  Zergling x16  
  186  14:06  Seismic Spines  
  186  14:08  Overseer, Spine Crawler  
  194  14:17  Drone, Spine Crawler  
  194  14:19  Drone x4  
  198  14:24  Spore Crawler  
  198  14:29  Lurker x3  
  199  14:39  Grooved Spines  
  193  14:52  Drone x5  
  193  14:53  Overseer, Drone x5  
  193  14:57  Hydralisk x3  
  185  15:03  Adaptive Talons, Lurker x4  
  168  15:14  Hydralisk x7  
  181  15:31  Hydralisk x8  
  197  15:38  Lurker x3  
Show
View Real Time Build Order
Export as new Build Order

ArT Protoss 

Build Orders: 1 Gate Expand, Oracle Opening 

Get SALT Encoding   

  12  0:00  Probe  
  13  0:13  Probe  
  14  0:19  Pylon  
  14  0:25  Probe  
  15  0:33  Probe  
  15  0:40  Gateway  
  15  0:41  Probe  
  17  0:50  Assimilator  
  17  0:51  Probe  
  18  1:03  Probe  
  19  1:15  Probe  
  20  1:28  Nexus  
  20  1:39  Cybernetics Core  
  20  1:42  Probe  
  21  1:47  Assimilator  
  22  1:54  Probe  
  22  1:56  Pylon  
  22  2:06  Adept, Probe  
  23  2:17  Warp Gate  
  23  2:18  Probe  
  26  2:24  Stargate  
  26  2:27  Stalker  
  26  2:30  Probe  
  26  2:35  Probe  
  29  2:42  Probe  
  31  2:44  Probe  
  32  2:54  Probe x2  
  34  2:59  Oracle  
  34  3:03  Gateway  
  34  3:06  Probe  
  34  3:08  Probe  
  39  3:15  Adept  
  39  3:18  Probe  
  42  3:20  Pylon  
  42  3:22  Probe  
  43  3:30  Oracle, Probe  
  43  3:34  Probe  
  45  3:38  Pylon  
  48  3:43  Probe  
  48  3:46  Probe  
  50  3:48  Assimilator  
  50  3:54  Assimilator  
  50  3:55  Probe  
  51  3:58  Probe  
  52  4:05  Adept x2  
  52  4:08  Robotics Facility  
  52  4:09  Probe  
  57  4:10  Probe  
  58  4:17  Pylon  
  58  4:19  Pylon  
  58  4:22  Probe x2  
  60  4:29  Sentry  
  62  4:35  Probe x2  
  64  4:39  Sentry  
  66  4:45  Gateway  
  66  4:46  Gateway, Warp Prism  
  66  4:51  Gateway  
  66  4:53  Pylon  
  66  4:56  Sentry  
  67  5:03  Sentry  
  67  5:05  Probe, Pylon  
  70  5:07  Probe  
  70  5:13  Immortal  
  67  5:26  Stalker x2  
  74  5:29  Forge  
  74  5:32  Twilight Council  
  74  5:36  Probe x2  
  74  5:41  Zealot  
  74  5:42  Zealot  
  80  5:47  Observer  
  80  5:50  Nexus  
  80  5:54  Probe x2  
  83  5:58  Pylon  
  83  6:00  Pylon  
  83  6:02  Blink  
  83  6:06  Protoss Ground Weapons Level 1, Probe  
  83  6:07  Probe  
  85  6:16  Immortal  
  85  6:19  Zealot x3  
  87  6:26  Probe  
  92  6:33  Adept x2  
  92  6:38  Shield Battery  
  96  6:40  Pylon  
  96  6:43  Probe x2  
  98  6:50  Immortal  
  98  6:55  Probe  
  98  6:57  Probe  
  104  7:05  Gateway  
  104  7:06  Probe  
  104  7:07  Gateway  
  105  7:11  Probe  
  105  7:12  Sentry  
  108  7:21  Probe  
  109  7:23  Immortal, Assimilator  
  109  7:24  Probe  
  109  7:25  Gateway  
  109  7:27  Gateway, Stalker x2  
  118  7:37  Pylon  
  118  7:39  Probe  
  118  7:41  Pylon  
  118  7:44  Probe x2  
  121  7:46  Assimilator  
  121  7:50  Pylon  
  121  7:51  Photon Cannon  
  121  8:00  Stalker x2  
  121  8:01  Stalker x2  
  124  8:06  Dark Shrine, Charge  
  124  8:12  Stalker x2  
  124  8:15  Shield Battery  
  124  8:16  Shield Battery  
  124  8:17  Protoss Ground Weapons Level 2  
  128  8:22  Pylon  
  126  8:28  Stalker  
  126  8:29  Stalker  
  126  8:30  Stalker x2  
  134  8:34  Pylon  
  134  8:42  Stalker x2  
  134  8:43  Stalker  
  126  8:59  Stalker  
  126  9:00  Stalker x4  
  126  9:03  Immortal  
  126  9:10  Stalker x4  
  138  9:30  Dark Templar x4  
  146  9:35  Observer  
  139  9:48  Templar Archives  
  139  9:49  Stalker x2  
  143  10:04  Stalker x4  
  143  10:05  Stalker  
  146  10:23  Stalker x4  
  146  10:26  Pylon  
  146  10:28  Pylon  
  154  10:29  Pylon  
  154  10:30  Immortal  
  153  10:36  Protoss Ground Weapons Level 3  
  155  10:44  Shadow Stride, Nexus  
  155  10:48  Probe  
  152  10:53  Stalker x5  
  162  11:03  Zealot x3  
  127  11:29  Nexus  
  127  11:55  Photon Cannon, Probe x2  
  127  11:56  Shield Battery  
  127  11:57  Stalker x3  
  133  12:16  Probe  
  133  12:20  Photon Cannon  
  134  12:23  Assimilator  
  134  12:24  Assimilator  
  134  12:29  Immortal  
  134  12:32  High Templar x4, Zealot  
  134  12:33  Zealot x2  
  134  12:37  Archon x2  
  129  13:11  High Templar x2  
  129  13:12  High Templar  
  131  13:13  Nexus, High Templar, Zealot x4  
  131  13:18  Archon  
  140  13:29  Probe  
  140  13:31  Probe x2  
  140  13:33  Pylon  
  138  13:41  Probe  
  138  13:44  Zealot x3  
  138  13:45  Zealot x3  
  141  13:50  Archon  
  141  13:52  Immortal  
  141  13:54  Protoss Ground Armor Level 1  
  141  13:55  Psionic Storm  
  145  13:58  Probe  
  146  14:11  High Templar x3  
  146  14:12  Probe  
  146  14:15  High Templar  
  146  14:16  High Templar  
  157  14:18  Probe  
  157  14:20  Probe  
  159  14:24  Zealot x3  
  163  14:32  Immortal  
  165  14:49  Stalker  
  165  14:50  Zealot x3  
  153  15:06  Stargate  
  147  15:10  Fleet Beacon, Probe  
  147  15:11  Probe  
  149  15:18  Observer  
  149  15:22  High Templar x2  
  149  15:24  Oracle  
  146  15:29  Probe  
  146  15:33  Stargate  
  146  15:36  Warp Prism  
  146  15:38  Zealot  
  146  15:43  Dark Templar  
  141  15:55  Zealot  
  141  15:56  Zealot x2  
  139  16:01  Zealot  
Tags
 
Add a new tag
Caveats
  • Supply blocks, unpowered buildings, or Contaminate may cause inaccurate times.
  • Supply counts are checked every 10 seconds.